 Dungeon Crawl Stone Soup version 0.22-a0-825-ga28c36f (webtiles) character file.

1 Amnesiac the Magician (level 1, -3/13 HPs)
             Began as a Mummy Earth Elementalist on July 24, 2018.
             Slain by a leopard gecko (5 damage)
             ... on level 2 of the Dungeon.
             The game lasted 00:00:08 (65 turns).

Amnesiac the Magician (Mummy Earth Elementalist)      Turns: 65, Time: 00:00:08

Health: -3/13      AC:  2    Str: 11    XL:     1   Next: 16%
Magic:  1/4        EV: 12    Int: 14    God:
Gold:   9          SH:  0    Dex: 12    Spells: 4/5 levels left

rFire    x . .     SeeInvis .   (no weapon)
rCold    + . .     Gourm    .   (no shield)
rNeg     + + +     Faith    .   c - +0 robe
rPois    ∞         Spirit   .   (no helmet)
rElec    .         Reflect  .   (no cloak)
rCorr    .         Harm     .   (no gloves)
MR       .....                  (no boots)
Stlth    ++........             (no amulet)
HPRegen  0.04/turn              (no ring)
MPRegen  0.09/turn              (no ring)

@: no status effects
A: no food or potions, fire vulnerability, cold resistance 1, negative energy
resistance 3, torment resistance, unbreathing
a: no special abilities


You were on level 2 of the Dungeon.
You were not hungry.

You visited 1 branch of the dungeon, and saw 3 of its levels.

You collected 9 gold pieces.

Inventory:

Missiles
 b - 27 stones (quivered)
Armour
 c - a +0 robe (worn)
Scrolls
 a - a scroll of enchant weapon {!r, unknown}


   Skills:
 - Level 1.5 Dodging
 - Level 1.5 Stealth
 - Level 2.6 Spellcasting
   Level 0.7 Transmutations
 + Level 2.5 Earth Magic


You had 4 spell levels left.
You knew the following spells:

 Your Spells              Type           Power        Failure   Level  Hunger
a - Sandblast             Erth           #.....       8%          1    N/A

Your spell library contained the following spells:

 Spells                   Type           Power        Failure   Level  Hunger
 Stone Arrow              Conj/Erth      #.....       36%         3    N/A
 Passwall                 Tmut/Erth      #.......     17%         2    N/A
 Lee's Rapid Deconstruct  Erth           #.........   91%         5    N/A
 Petrify                  Tmut/Erth      #.......     75%         4    N/A

Dungeon Overview and Level Annotations

Branches:
Dungeon (3/15)

Altars:


Innate Abilities, Weirdness & Mutations

You do not eat or drink.
Your flesh is vulnerable to fire.
You are immune to poison.
Your flesh is cold resistant. (rC+)
You are immune to negative energy. (rN+++)
You are immune to unholy pain and torment.
You can survive without breathing.


Message History

Welcome, Amnesiac the Mummy Earth Elementalist.
It is said that the Orb of Zot exists deep within this dungeon.
Press ? for a list of commands and other information.
There is an escape hatch in the floor here.
You slide downwards.
The hatch slams shut behind you.
a - a scroll labeled ZURPHE YSEYXUA {!r} You now have 9 gold pieces.
You see here a ration.
A bat comes into view.
There is a stone staircase leading down here.
You climb downwards.
A leopard gecko, a hobgoblin and an orc come into view.
The orc is wielding a dagger of electrocution.
The hobgoblin shouts!
The leopard gecko hisses angrily.
The orc shouts!
You hear a shout! x3
There is a stone staircase leading up here.
Casting: Sandblast (safe; 9% risk of failure)
Confirm with . or Enter, or press ? or * to list all spells.
Aiming: Sandblast (safe; 9% risk of failure)
Press: ? - help, Shift-Dir - straight line, f - hobgoblin
Aim: a hobgoblin The blast of sand hits the hobgoblin.
The hobgoblin is heavily wounded.
b - 29 stones The orc throws a tomahawk.
The tomahawk hits you.
An orc comes into view. It is wielding a flail.
The hobgoblin hits you.
Casting: Sandblast (safe; 9% risk of failure)
Confirm with . or Enter, or press ? or * to list all spells.
Aiming: Sandblast (safe; 9% risk of failure)
Press: ? - help, Shift-Dir - straight line, f/p - hobgoblin
Aim: a hobgoblin (heavily wounded)
The blast of sand hits the hobgoblin.
You kill the hobgoblin!
b - 28 stones An orc comes into view. It is wielding a hand axe of flaming.
The orc throws a tomahawk.
The tomahawk hits you. The leopard gecko bites you.
* * * LOW HITPOINT WARNING * * *
You climb upwards.
There is a stone staircase leading down here.
Casting: Sandblast (safe; 8% risk of failure)
Confirm with . or Enter, or press ? or * to list all spells.
Aiming: Sandblast (safe; 8% risk of failure)
Press: ? - help, Shift-Dir - straight line, f - leopard gecko
Aim: a leopard gecko The blast of sand misses the leopard gecko.
b - 27 stones The leopard gecko bites you.
* * * LOW HITPOINT WARNING * * *
The leopard gecko bites you.
You die... b

####### ..
+....@# ...
####.l# ....
####..##
....$.#......#
......#......#
#.......#
#...%...#
#.......#
##.......#


You could see a leopard gecko.

Vanquished Creatures
  A hobgoblin (D:3)
1 creature vanquished.

Notes
Turn   | Place    | Note
-------+----------+-------------------------------------------
     0 | D:1      | Amnesiac the Mummy Earth Elementalist began the quest for the Orb.
     0 | D:1      | Reached XP level 1. HP: 13/13 MP: 4/4
    65 | D:2      | Slain by a leopard gecko

Vault maps used:
D:1:      dpeg_arrival_boxorama
D:2:      marbit_many_paths, uniq_terence, uniq_crazy_yiuf_cottage

Action                   || total
-------------------------++-------
 Cast: Sandblast         ||     3

Table legend:
 A = Spawn XP
 B = Non-spawn XP
 C = Spawn XP percentage of total XP
 D = Spawn monster count
 E = Non-spawn monster count
 F = Spawn count percentage of total count
 G = Total turns spent on level
                    A         B        C        D         E        F      G
               +---------+---------+-------+---------+---------+-------+---------
         Total |       0 |       2 |   0.0 |       0 |       1 |   0.0 |    65
               +---------+---------+-------+---------+---------+-------+---------
           D:3 |       0 |       2 |   0.0 |       0 |       1 |   0.0 |     4
               +---------+---------+-------+---------+---------+-------+---------
